 Dungeon Crawl Stone Soup version 0.29.1-15-g9cfb28693d (webtiles) character file.

Game seed: 11611688246108734278

2270 KittyFluff the Basher (level 9, 0/55 HPs)
             Began as a Gargoyle Berserker on Apr 28, 2023.
             Was a Priest of Trog.
             Slain by a yak (11 damage)
             ... on level 8 of the Dungeon.
             The game lasted 00:33:51 (7829 turns).

KittyFluff the Basher (Gargoyle Berserker)          Turns: 7829, Time: 00:33:52

Health: 0/55       AC: 19    Str: 20    XL:     9   Next: 38%
Magic:  9/9        EV: 13    Int:  9    God:    Trog [***...]
Gold:   108        SH:  5    Dex: 13    Spells: 8/8 levels left

rFire   + . .      SeeInvis .   C - +1 mace (protect)
rCold   . . .      Faith    .   h - +0 buckler
rNeg    + . .      Spirit   .   H - +2 robe {Archmagi}
rPois   ∞          Reflect  .   n - +0 helmet
rElec   +          Harm     .   (no cloak)
rCorr   .          Rampage  .   (no gloves)
Will    +....      Archmagi +   (no boots)
Stlth   ++........              (no amulet)
HPRegen 0.18/turn               c - ring of willpower
MPRegen 0.11/turn               y - ring of protection from fire

@: under a protective aura, on berserk cooldown
A: sickness immunity, AC +6, negative energy resistance 1, electricity
resistance, torment resistance 1, petrification resistance
a: Renounce Religion, Berserk, Trog's Hand


You were on level 8 of the Dungeon.
You worshipped Trog.
Trog was most pleased with you.
You visited 1 branch of the dungeon, and saw 8 of its levels.

You collected 298 gold pieces.
You spent 190 gold pieces at shops.

Inventory:

Hand Weapons
 a - a +0 morningstar
 C - a +1 mace of protection (weapon)
Missiles
 b - 4 javelins
 p - 27 poisoned darts (quivered)
 E - a curare-tipped dart
Armour
 h - a +0 buckler (worn)
 k - a +0 leather armour
 n - a +0 helmet (worn)
 H - a +2 robe of the Archmagi (worn)
 L - a +0 kite shield
Jewellery
 c - a ring of willpower (left hand)
 y - a ring of protection from fire (right hand)
 J - a ring of fire
Wands
 s - a wand of charming (10)
 z - a wand of flame (5)
Scrolls
 d - 6 scrolls of teleportation {unknown}
 e - a scroll of summoning {unknown}
 m - a scroll of fear {unknown}
 r - 5 scrolls of immolation {unknown}
 t - a scroll of noise {unknown}
 v - a scroll of blinking
 w - 3 scrolls of vulnerability {unknown}
 x - a scroll of fog {unknown}
 B - 2 scrolls of amnesia {unknown}
 G - a scroll of magic mapping {unknown}
 I - a scroll of poison
 K - 2 scrolls of silence {unknown}
 M - a scroll of enchant armour {unknown}
Potions
 f - 2 potions of might
 g - 6 potions of cancellation
 i - a potion of curing
 j - a potion of attraction
 l - 2 potions of flight
 o - a potion of ambrosia {unknown}
 q - 4 potions of lignification {unknown}
 u - a potion of brilliance {unknown}
 A - a potion of magic {unknown}
 F - a potion of mutation {unknown}


   Skills:
 + Level 5.9 Fighting
 * Level 8.6 Maces & Flails
 * Level 6.0 Armour
 + Level 4.0 Dodging
 + Level 1.7 Stealth
 + Level 3.7 Shields


You had 8 spell levels left.
You didn't know any spells.
Your spell library was empty.

Dungeon Overview and Level Annotations

Branches:
Dungeon (8/15)             Temple (0/1) D:4
   Lair: D:8-11

Altars:
Sif Muna
Vehumet
Zin

Shops:
D:1 (([!(


Innate Abilities, Weirdness & Mutations

You are immune to sickness and miasma.
Your stone body is resilient. (AC +6)
You are immune to poison.
You resist negative energy. (rN+)
You are resistant to electric shocks. (rElec)
You are resistant to unholy torment.
You are immune to petrification.


Message History

The orc priest is heavily wounded.
The orc priest mumbles some strange prayers to Beogh against you.
Beogh smites you!
* * * LOW HITPOINT WARNING * * *
You feel better.
The orc priest hits you but does no damage.
You block the orc priest's attack.
You barely miss the orc priest.
The orc priest is heavily wounded.
The orc priest miscasts a cantrip.
You closely miss the orc priest.
The orc priest is heavily wounded.
The orc priest hits you but does no damage.
The orc priest misses you.
You barely miss the orc priest.
The orc priest is heavily wounded.
The orc priest closely misses you. The orc priest barely misses you.
You sock the orc priest!
Your weapon exudes an aura of protection.
You kill the orc priest!
Trog accepts your kill.
You closely miss the yak. You block the yak's attack.
The yak gores you but does no damage.
You hit the yak but do no damage. You block the yak's attack.
The yak gores you but does no damage.
You hit the yak.
The yak is lightly wounded.
The yak gores you but does no damage.
You hit the yak.
The yak is moderately wounded.
The yak gores you but does no damage. x2
You thump the yak!
The yak is heavily wounded.
You feel yourself speed up. The yak gores you!
* * * LOW HITPOINT WARNING * * *
You hit the yak.
The yak is heavily wounded.
The yak gores you!
You die...

#...# #...# ##...#
....#....... ... ....... #
#.# ........# #. #.#
.o...o... #[. #)##.........
#..## #@.#......... ...
##Y#....... #.#.######
#..##...# #...<[...###
##..#...# ........#.....#
##.....# #.##.#...○.○..#
###.### #.
#.#...☼..#######.##########
#
...##.○°☼............o.....#
#.##
#..☼..........#.........


You could see a yak.

Vanquished Creatures
  A water moccasin (D:5)
  Duvessa (D:6)
  2 ice beasts
  A sky beast (D:6)
  A black bear (D:4)
  2 orc warriors (D:8)
  2 phantoms
  A centaur (D:5)
  3 kobold brigands
  3 bullfrogs
  A scorpion (D:5)
  Dowan (D:6)
  6 howler monkeys
  A hound (D:5)
  4 orc priests
  4 iguanas
  2 orc wizards (D:5)
  7 adders
  A shadow imp (D:6)
  2 ufetubi
  A worm (D:2)
  2 dart slugs
  9 orcs
  8 bats
  7 endoplasms
  A giant cockroach (D:1)
  3 goblins
  12 hobgoblins
  5 jackals
  29 kobolds
  8 quokkas
  8 ball pythons
  4 frilled lizards
  A rat (D:1)
144 creatures vanquished.

Vanquished Creatures (others)
  A sky beast (D:6)
  A kobold (D:6)
  10 fungi (D:8)
  20 plants
32 creatures vanquished.

Grand Total: 176 creatures vanquished

Notes
Turn   | Place    | Note
-------+----------+-------------------------------------------
     0 | D:1      | KittyFluff the Gargoyle Berserker began the quest for the
                  | Orb.
     0 | D:1      | Reached XP level 1. HP: 14/14 MP: 1/1
    83 | D:1      | Found Dedd's Antique Weapon Shop.
   469 | D:1      | Reached XP level 2. HP: 17/19 MP: 2/2
   524 | D:1      | Found Foyth's Weapon Emporium.
   724 | D:1      | Reached XP level 3. HP: 23/24 MP: 3/3
   834 | D:1      | Found Gieduero's Distillery.
  1071 | D:1      | Found Jownoe's Antique Weapon Shoppe.
  1160 | D:1      | Found Buogeg's Armour Shoppe.
  1190 | D:1      | Bought a +0 buckler for 58 gold pieces
  1319 | D:2      | Reached ** piety under Trog
  1383 | D:2      | Found a faded altar of an unknown god.
  1480 | D:2      | Reached XP level 4. HP: 29/29 MP: 4/4
  2629 | D:4      | Reached skill level 4 in Maces & Flails
  2702 | D:4      | Found a staircase to the Ecumenical Temple.
  2974 | D:4      | Reached XP level 5. HP: 32/33 MP: 5/5
  3119 | D:4      | Noticed a black bear
  3152 | D:4      | Killed a black bear
  3427 | D:4      | Reached XP level 6. HP: 37/38 MP: 6/6
  3480 | D:4      | Reached *** piety under Trog
  3564 | D:4      | Found a shimmering blue altar of Sif Muna.
  3615 | D:5      | Entered Level 5 of the Dungeon
  3636 | D:5      | Reached skill level 1 in Stealth
  3636 | D:5      | Reached skill level 1 in Shields
  3677 | D:5      | Reached skill level 5 in Maces & Flails
  3790 | D:4      | Noticed an ice beast
  3807 | D:4      | Killed an ice beast
  4012 | D:5      | Reached XP level 7. HP: 24/44 MP: 7/7
  4253 | D:5      | HP: 2/44 [orc/+2 vorpal hand axe (6)]
  4490 | D:5      | HP: 2/44 [water moccasin (3)]
  4493 | D:5      | Reached skill level 6 in Maces & Flails
  4716 | D:5      | Found a glowing silver altar of Zin.
  4904 | D:5      | Reached XP level 8. HP: 26/48 MP: 8/8
  5207 | D:5      | Reached skill level 5 in Fighting
  5461 | D:1      | Bought a glowing mace for 132 gold pieces
  5565 | D:6      | Noticed Duvessa
  5565 | D:6      | Noticed Dowan
  5584 | D:6      | Killed Duvessa
  5959 | D:6      | Reached skill level 7 in Maces & Flails
  5959 | D:6      | Reached skill level 5 in Armour
  6135 | D:6      | Killed Dowan
  6575 | D:7      | Reached XP level 9. HP: 54/54 MP: 9/9
  6701 | D:7      | Reached skill level 8 in Maces & Flails
  7652 | D:8      | Found a radiant altar of Vehumet.
  7829 | D:8      | Slain by a yak

Illustrated notes

Levels and vault maps discovered:
D:1:      elethiomel_arrival_infinity_welcomes_careful_drivers, layout_basic,
          serial_shops, nicolae_diamond_shop, nicolae_shop_statue_plus, shop,
          nicolae_lakefront_shop, shop, minmay_pentomino_u2
D:2:      layout_basic, chequers_ecumenical_altar_lobes
D:3:      layout_loops_corners
D:4:      layout_layer_cave, lemuel_coloured_pillars_altar,
          minmay_temple_entry_slanted
D:5:      layout_basic, zin_treasury
D:6:      layout_loops_ring, lightli_ossuary_entry_decrepit_ruins, uniq_duvessa
D:7:      layout_basic, minmay_misc_feat_enclosed, nicolae_hexahallways,
          grunt_decor_cap, minmay_strange_pillars
D:8:      layout_basic, fiery_altar_vehumet, grunt_lair_entry_orc_guard_hut

Skill      XL: |  1  2  3  4  5  6  7  8  9 |
---------------+----------------------------+-----
Fighting       | 4 5 |  5.9
Dodging        | 2 3 4 |  4.0
Armour         | 3 4 5 6 |  6.0
Maces & Flails | 4 5 6 7 8 |  8.6
Stealth        | 1 |  1.7
Shields        | 1 2 3 |  3.7

Action                   |  1- 3 |  4- 6 |  7- 9 || total
-------------------------+-------+-------+-------++-------
Melee: Mace              |   116 |   197 |   472 ||   785
       Punch             |     1 |       |       ||     1
Invok: Berserk           |       |     1 |     3 ||     4
  Use: Scroll            |       |     7 |     1 ||     8
       Potion            |       |       |     6 ||     6
Armor: Animal skin       |    31 |       |       ||    31
       Leather armour    |     8 |   118 |   128 ||   254
       Robe              |       |       |    72 ||    72
Dodge: Dodged            |    86 |   129 |   227 ||   442
Block: Buckler           |    10 |    37 |    93 ||   140
